 Dungeon Sprint DCSS version 0.20-a0-738-gb057e68 (webtiles) character file.

9292 Kidiri the Eclecticist (level 11, -12/68 HPs)
             Began as a Deep Elf Fire Elementalist on Feb 23, 2017.
             Was the Champion of Vehumet.
             Mangled by Rupert
             ... wielding a +2 triple sword of protection
              (29 damage)
             ... while paralysed by Rupert
             ... in the Dungeon (Sprint III: "The Ten Rune Challenge").
             The game lasted 00:16:21 (3330 turns).

Kidiri the Eclecticist (Deep Elf Fire Elementalist) Turns: 3330, Time: 00:16:22

Health: -12/68     AC:  4    Str:  7    XL:     11   Next: 21%
Magic:  23/33      EV:  2    Int: 24    God:    Vehumet [******]
Gold:   42         SH:  0    Dex: 15    Spells: 0/42 levels left

rFire    . . .     SeeInvis .   k - +2 dagger (venom)
rCold    . . .     Gourm    .   a - +0 robe
rNeg     . . .     Faith    .   (no shield)
rPois    .         Spirit   .   (no helmet)
rElec    .         Reflect  .   (no cloak)
rCorr    .         Harm     .   (no gloves)
MR       +....     NoTele   +   (no boots)
Stlth    +++.......             (no amulet)
Regen    0.3/turn               (no ring)
MPRegen  0.3/turn               (no ring)

@: paralysed
A: iridescent scales 1, camouflage 1, strong 1, wild magic 1
a: Renounce Religion


You were in the Dungeon.
You worshipped Vehumet.
Vehumet was exalted by your worship.
You were not hungry.

You visited 1 branch You collected 42 gold pieces.

Inventory:

Hand Weapons
 k - a +2 dagger of venom (weapon)
Armour
 a - a +0 robe (worn)
Scrolls
 i - a scroll of blinking
 l - a scroll of holy word
 n - a scroll of remove curse {unknown}
 q - a scroll of torment {unknown}
Potions
 d - a potion of mutation
 e - a potion of heal wounds
 f - a potion of haste
 h - a potion of berserk rage
 p - 2 potions of cancellation
 r - a potion of might
Books
 t - a book of Fire

   Spells                             Type                      Level
   a - Ignite Poison                  Fire/Transmutation/Poison    3
   b - Fireball                       Conjuration/Fire             5
   c - Bolt of Fire                   Conjuration/Fire             6
   d - Ring of Flames                 Charms/Fire                  7
   e - Ignition                       Fire                         8
Comestibles
 b - 26 royal jellies
 c - a bread ration
 g - 8 chunks of flesh


   Skills:
 + Level 7.7 Fighting
 + Level 8.2 Short Blades
 + Level 7.5 Armour
 + Level 10.8 Dodging
 - Level 2.4 Stealth
 * Level 16.1 Spellcasting
 + Level 10.1 Conjurations
 + Level 5.8 Charms
 + Level 10.5 Fire Magic
 + Level 6.5 Ice Magic
 + Level 6.8 Air Magic
 + Level 0.0 Earth Magic
 + Level 7.3 Poison Magic


You couldn't memorise any spells.
You knew the following spells:

 Your Spells              Type           Power        Failure   Level  Hunger
a - Flame Tongue          Conj/Fire      #####        1%          1    None
b - Throw Flame           Conj/Fire      ######       1%          2    None
c - Conjure Flame         Conj/Fire      ######..     1%          3    None
d - Inner Flame           Hex/Fire       ######..     1%          3    None
e - Ignite Poison         Fire/Tmut/Pois ######..     1%          3    None
f - Sticky Flame          Conj/Fire      ######..     1%          4    None
g - Fireball              Conj/Fire      ######....   1%          5    #......
h - Bolt of Fire          Conj/Fire      ######....   4%          6    ####...
i - Ring of Flames        Chrm/Fire      ######....   89%         7    ######.
j - Throw Frost           Conj/Ice       ######       1%          2    None
k - Shock                 Conj/Air       ####         1%          1    None
l - Bolt of Magma         Conj/Fire/Erth ######....   2%          5    #......


Dungeon Overview and Level Annotations

Branches:
Dungeon (1/1)

Altars:
Cheibriados
Dithmenos
Elyvilon
Fedhas
Gozag
Hepliaklqana
Kikubaaqudgha
Makhleb
Nemelex Xobeh
Okawaru
Qazlal
Ru
Sif Muna
Trog
Uskayaw
Vehumet
Xom
Yredelemnul
Zin
The Shining One
Beogh
Jiyva
Lugonu

Annotations:
D exclusion: 3 doors, Rupert


Innate Abilities, Weirdness & Mutations

You are partially covered in iridescent scales. (AC +2)
Your skin changes colour to match your surroundings (Stealth+).
Your muscles are strong. (Str +2)
Your spells are a little harder to cast, but a little more powerful.


Message History

Press: ? - help, Shift-Dir - straight line, f - Rupert
Aim: Rupert, wielding a triple sword of protection and wearing a dyed leather armour (resting)
The bolt of fire hits Rupert.
Rupert resists.
Rupert is lightly wounded.
Rupert shouts!
Casting: Bolt of Fire
Confirm with . or Enter, or press ? or * to list all spells.
Aiming: Bolt of Fire
Press: ? - help, Shift-Dir - straight line, f/p - Rupert
Aim: Rupert, wielding a triple sword of protection and wearing a dyed leather armour (lightly wounded)
The bolt of fire hits Rupert.
Rupert resists.
Rupert is moderately wounded.
Rupert roars wildly at you.
You suddenly lose the ability to move!
Rupert roars madly and goes into a rage!
Rupert goes berserk!
Rupert hits you with a triple sword of protection!! x2
* * * LOW HITPOINT WARNING * * *
Rupert hits you with a triple sword of protection!!
You die...

#..###..##.#.....#.:.#__#
#..# #..#####....#___#__+
▓▓▓▓▓▓▓▓▓▓▓▓▓▓▓▓▓▓▓▓▓▓▓▓▓
+≈.≈≈.≈≈≈≈♣♣.....♣♣♣♣
#≈≈≈§≈≈≈.≈♣♣.≈≈≈≈'♣♣'
#≈≈§.§§≈≈≈≈÷.....#.≈♣
#≈≈§§§§§≈≈♣♣♣♣♣♣♣#..♣
#≈≈§§§.≈≈≈♣ ###'
####@###### ♣♣♣♣.
........@...... ♣...#
#+############# ♣♣.##
♣..# ♣♣.# ♣♣.# ♣... ####


You could see Rupert (berserk).

Vanquished Creatures
  Erolcha (D)
  Urug (D)
  A lindwurm (D)
  A deep elf mage (D)
  2 spiny frogs (D)
  A rime drake (D)
  A komodo dragon (D)
  A queen bee (D)
  2 tyrant leeches (D)
  3 wandering mushrooms (D)
  5 blink frogs (D)
  5 redbacks (D)
  A shadow (D)
  A spatial vortex (D)
  A swamp drake (D)
  A necrophage (D)
  5 two-headed ogres (D)
  A water elemental (D)
  32 killer bees (D)
  A wizard (D)
  A jelly (D)
  A necromancer (D)
  A kobold demonologist (D)
  3 humans (D)
  2 oozes (D)
  A phantom (D)
  2 rats (D)
78 creatures vanquished.

Vanquished Creatures (others)
  2 draconian scorchers (D)
  6 hellions (D)
  3 yaktaurs (D)
11 creatures vanquished.

Grand Total: 89 creatures vanquished

Notes
Turn   | Place    | Note
-------+----------+-------------------------------------------
     0 | D        | Kidiri the Deep Elf Fire Elementalist began the quest for the Orb.
     0 | D        | Reached XP level 1. HP: 10/10 MP: 6/6
    52 | D        | Reached skill level 1 in Fighting
    52 | D        | Reached skill level 4 in Spellcasting
    52 | D        | Reached XP level 2. HP: 9/16 MP: 3/9
    56 | D        | Learned a level 2 spell: Throw Flame
   102 | D        | Killed a hellion
   103 | D        | Killed a hellion
   115 | D        | Killed a yaktaur
   142 | D        | Killed a hellion
   142 | D        | Killed a hellion
   164 | D        | Killed a hellion
   166 | D        | Killed a hellion
   173 | D        | Killed a white draconian scorcher
   217 | D        | Reached skill level 1 in Armour
   238 | D        | Killed a white draconian scorcher
   289 | D        | Reached skill level 5 in Spellcasting
   289 | D        | Reached XP level 3. HP: 10/20 MP: 8/11
   294 | D        | Learned a level 3 spell: Conjure Flame
   298 | D        | Learned a level 3 spell: Inner Flame
   468 | D        | Gained mutation: You do not regenerate when monsters are visible. [potion of mutation]
   468 | D        | Gained mutation: Your mind is acute. (Int +2) [potion of mutation]
   469 | D        | Lost mutation: Your mind is acute. (Int +2) [potion of mutation]
   469 | D        | Lost mutation: You do not regenerate when monsters are visible. [potion of mutation]
   469 | D        | Gained mutation: You evolve. [potion of mutation]
   469 | D        | Gained mutation: You are resistant to hostile enchantments. (MR+) [potion of mutation]
   470 | D        | Lost mutation: You are resistant to hostile enchantments. (MR+) [potion of mutation]
   470 | D        | Lost mutation: You evolve. [potion of mutation]
   470 | D        | Gained mutation: You are partially covered in iridescent scales. (AC +2) [potion of mutation]
   470 | D        | Gained mutation: Your spells are a little harder to cast, but a little more powerful. [potion of mutation]
   470 | D        | Gained mutation: Your skin changes colour to match your surroundings (Stealth+). [potion of mutation]
   470 | D        | Gained mutation: Your muscles are strong. (Str +2) [potion of mutation]
   483 | D        | Noticed a water elemental
   486 | D        | Killed a water elemental
   486 | D        | Reached skill level 6 in Spellcasting
   486 | D        | Reached XP level 4. HP: 26/26 MP: 5/14
   492 | D        | Learned a level 4 spell: Sticky Flame
   553 | D        | Found a radiant altar of Vehumet.
   554 | D        | Found a deep blue altar of Sif Muna.
   554 | D        | Found an ancient bone altar of Kikubaaqudgha.
   554 | D        | Noticed a wizard
   557 | D        | Killed a wizard
   557 | D        | Reached skill level 7 in Spellcasting
   557 | D        | Reached skill level 5 in Fire Magic
   558 | D        | Reached XP level 5. HP: 31/31 MP: 5/17
   576 | D        | Learned a level 5 spell: Fireball
   628 | D        | Became a worshipper of Vehumet
   638 | D        | Found a glowing silver altar of Zin.
   639 | D        | Found a glowing golden altar of the Shining One.
   639 | D        | Found a white marble altar of Elyvilon.
   639 | D        | Noticed a deep elf mage
   645 | D        | Killed a deep elf mage
   645 | D        | Reached skill level 10 in Spellcasting
   645 | D        | Reached skill level 5 in Conjurations
   645 | D        | Reached XP level 6. HP: 31/38 MP: 13/21
   651 | D        | Killed a yaktaur
   698 | D        | Found a hide-covered altar of Uskayaw.
   698 | D        | Found a roughly hewn altar of Beogh.
   698 | D        | Found an iron altar of Okawaru.
   698 | D        | Found a bloodstained altar of Trog.
   698 | D        | Noticed a human
   701 | D        | Noticed a human
   706 | D        | Killed a human
   706 | D        | Reached skill level 11 in Spellcasting
   706 | D        | Reached XP level 7. HP: 44/44 MP: 10/23
   709 | D        | Killed a human
   709 | D        | Reached * piety under Vehumet
   709 | D        | Offered knowledge of Shock by Vehumet.
   712 | D        | Learned a level 1 spell: Shock
   838 | D        | Found a basalt altar of Yredelemnul.
   838 | D        | Found a shadowy altar of Dithmenos.
   838 | D        | Found a sacrificial altar of Ru.
   842 | D        | Reached skill level 5 in Fighting
   861 | D        | Learned a level 3 spell: Ignite Poison
   868 | D        | Learned a level 6 spell: Bolt of Fire
   936 | D        | Reached ** piety under Vehumet
   936 | D        | Offered knowledge of Searing Ray by Vehumet.
   940 | D        | Noticed a shadow
   940 | D        | Killed a shadow
   940 | D        | Reached skill level 5 in Armour
   940 | D        | Reached skill level 1 in Air Magic
   940 | D        | Reached skill level 1 in Poison Magic
   940 | D        | Reached XP level 8. HP: 40/49 MP: 15/25
  1002 | D        | Found a blossoming altar of Fedhas.
  1002 | D        | Found a stormy altar of Qazlal.
  1003 | D        | Found a snail-covered altar of Cheibriados.
  1003 | D        | Found a burning altar of Makhleb.
  1003 | D        | Found a hazy altar of Hepliaklqana.
  1003 | D        | Found a shimmering altar of Xom.
  1003 | D        | Found an opulent altar of Gozag.
  1003 | D        | Found a sparkling altar of Nemelex Xobeh.
  1003 | D        | Found a corrupted altar of Lugonu.
  1003 | D        | Found a viscous altar of Jiyva.
  1019 | D        | Reached skill level 5 in Short Blades
  1019 | D        | Reached skill level 12 in Spellcasting
  1042 | D        | Reached *** piety under Vehumet
  1074 | D        | Noticed a two-headed ogre
  1088 | D        | Killed a two-headed ogre
  1088 | D        | Offered knowledge of Throw Frost by Vehumet.
  1092 | D        | Learned a level 2 spell: Throw Frost
  1188 | D        | Noticed a two-headed ogre
  1188 | D        | Noticed Erolcha
  1192 | D        | Killed Erolcha
  1192 | D        | Offered knowledge of Static Discharge by Vehumet.
  1192 | D        | Reached skill level 13 in Spellcasting
  1192 | D        | Reached XP level 9. HP: 40/55 MP: 10/28
  1199 | D        | Killed a two-headed ogre
  1230 | D        | Killed a yaktaur
  1295 | D        | Reached **** piety under Vehumet
  1372 | D        | Noticed a queen bee
  1383 | D        | Offered knowledge of Lightning Bolt by Vehumet.
  1392 | D        | Reached ***** piety under Vehumet
  1435 | D        | Reached skill level 14 in Spellcasting
  1441 | D        | Reached skill level 5 in Poison Magic
  1471 | D        | Reached ****** piety under Vehumet
  1825 | D        | Offered knowledge of Force Lance by Vehumet.
  1838 | D        | Reached skill level 5 in Air Magic
  1905 | D        | Reached XP level 10. HP: 61/61 MP: 15/30
  1932 | D        | Learned a level 7 spell: Ring of Flames
  2032 | D        | Offered knowledge of Irradiate by Vehumet.
  2032 | D        | Reached skill level 1 in Charms
  2075 | D        | Reached skill level 5 in Ice Magic
  2096 | D        | Noticed a spiny frog
  2096 | D        | Noticed a spiny frog
  2098 | D        | Reached skill level 10 in Dodging
  2098 | D        | Reached skill level 15 in Spellcasting
  2099 | D        | Killed a spiny frog
  2101 | D        | Killed a spiny frog
  2145 | D        | Reached skill level 10 in Fire Magic
  2155 | D        | HP: 1/63 [tyrant leech (20)]
  2557 | D        | HP: 3/63 [tyrant leech (26)]
  2907 | D        | Noticed a lindwurm
  2919 | D        | Killed a lindwurm
  2919 | D        | Offered knowledge of Yara's Violent Unravelling by Vehumet.
  3107 | D        | Noticed Urug
  3113 | D        | Killed Urug
  3113 | D        | Reached skill level 5 in Charms
  3113 | D        | Reached XP level 11. HP: 67/67 MP: 17/32
  3198 | D        | Offered knowledge of Bolt of Magma by Vehumet.
  3198 | D        | Reached skill level 10 in Conjurations
  3200 | D        | Reached skill level 16 in Spellcasting
  3219 | D        | Learned a level 5 spell: Bolt of Magma
  3322 | D        | Noticed Rupert
  3324 | D        | Paralysed by Rupert for 7 turns
  3330 | D        | Mangled by Rupert

Vault maps used:
D:        dungeon_sprint_mu

Skill      XL: |  1  2  3  4  5  6  7  8  9 10 11 |
---------------+----------------------------------+-----
Fighting       | 1 2 4 5 6 7 |  7.7
Dodging        | 3 4 6 7 9 10 | 10.8
Spellcasting   | 4 5 6 7 10 11 13 14 15 16 | 16.1
Armour         | 1 2 4 5 6 7 |  7.5
Conjurations   | 2 3 4 5 6 7 8 9 10 | 10.1
Fire Magic     | 4 5 6 7 8 9 10 | 10.5
Short Blades   | 3 4 6 8 |  8.2
Air Magic      | 1 3 5 6 |  6.8
Poison Magic   | 1 4 5 7 |  7.3
Ice Magic      | 2 4 6 |  6.5
Charms         | 5 |  5.8
Stealth        | |  2.4

Action                   |  1- 3 |  4- 6 |  7- 9 | 10-12 || total
-------------------------+-------+-------+-------+-------++-------
Melee: Unarmed           |     1 |       |       |       ||     1
       Dagger            |       |     2 |    24 |     9 ||    35
 Cast: Flame Tongue      |    22 |     7 |    70 |    28 ||   127
       Throw Flame       |     1 |       |     4 |       ||     5
       Conjure Flame     |     1 |     1 |     8 |     3 ||    13
       Sticky Flame      |       |     4 |     6 |     6 ||    16
       Fireball          |       |       |     7 |     4 ||    11
       Inner Flame       |       |       |     3 |     3 ||     6
       Ignite Poison     |       |       |     4 |       ||     4
       Throw Frost       |       |       |       |    10 ||    10
       Bolt of Fire      |       |       |       |     6 ||     6
  Use: Potion            |     5 |       |     3 |       ||     8
       Scroll            |     3 |       |       |       ||     3
 Stab: Sleeping          |       |     1 |       |     1 ||     2
  Eat: Chunk             |       |       |     2 |     1 ||     3
       Fruit             |       |       |     3 |       ||     3
       Royal jelly       |       |       |     2 |       ||     2
Armor: Robe              |       |     1 |     8 |     6 ||    15
Dodge: Dodged            |    14 |     5 |    69 |    26 ||   114
